 Dungeon Crawl Stone Soup version 0.19-a0-1286-g42bdecd (webtiles) character file.

1255 AlphabetPasta the Skirmisher (level 8, -10/71 HPs)
             Began as a Mottled Draconian Chaos Knight on Aug 29, 2016.
             Shot with an arrow by a centaur (13 damage)
             ... on level 5 of the Dungeon on Aug 30, 2016.
             The game lasted 00:23:26 (4217 turns).

AlphabetPasta the Skirmisher (DrCK)                 Turns: 4217, Time: 00:23:26

Health: -10/71     AC:  8    Str: 17    XL:     8   Next: 26%
Magic:  8/8        EV: 14    Int: 12    God:    Xom [..*...]
Gold:   239        SH:  0    Dex: 11    Spells: 0 memorised, 7 levels left

rFire  . . .     SeeInvis .     a - +1 falchion (chaos)
rCold  . . .     Gourm    .     (armour unavailable)
rNeg   . . .     Faith    .     (no shield)
rPois  .         Spirit   .     (helmet restricted)
rElec  .         Dismiss  .     (no cloak)
rCorr  .         Reflect  .     f - +1 pair of gloves
MR     .....     Harm     +     (no boots)
Stlth  +.........               o - amulet of harm
                                (no ring)
                                (no ring)

@: no status effects
A: breathe sticky flame splash, unfitting armour, cold-blooded, AC +6
a: Breathe Sticky Flame, Renounce Religion


You were on level 5 of the Dungeon.
You worshipped Xom.
You were a toy of Xom.
You were not hungry.

You visited 1 branch of the dungeon, and saw 5 of its levels.
You also visited: Sewer.

You collected 239 gold pieces.

Inventory:

Hand Weapons
 a - a +1 falchion of chaos (weapon)
 b - a +8 hunting sling
 v - a +0 long sword
Missiles
 g - 43 sling bullets
 k - 5 javelins of returning (quivered)
Armour
 f - a +1 pair of gloves (worn)
Jewellery
 o - an amulet of harm (around neck)
Wands
 c - a wand of polymorph (5/24)
 j - a wand of enslavement (11/24)
Scrolls
 h - 3 scrolls of enchant armour
 s - a scroll of remove curse
 y - 2 scrolls of amnesia
Potions
 e - 2 potions of brilliance
 m - a potion of curing
 p - 3 potions of might {unknown}
 q - 2 potions of flight {unknown}
 x - a potion of cure mutation {unknown}
 z - a potion of cancellation {unknown}
Books
 d - a book of Minor Magic

   Spells                             Type                      Level
   a - Magic Dart                     Conjuration                  1
   b - Blink                          Translocation                2
   c - Call Imp                       Summoning                    2
   d - Repel Missiles                 Charms/Air                   2
   e - Slow                           Hexes                        2
   f - Conjure Flame                  Conjuration/Fire             3
   g - Mephitic Cloud                 Conjuration/Poison/Air       3
Comestibles
 l - a royal jelly
 n - 2 meat rations
 w - 4 bread rations


   Skills:
 + Level 6.6 Fighting
 + Level 6.2 Long Blades
 + Level 3.1 Slings
 + Level 5.2 Dodging


You had 7 spell levels left.
You didn't know any spells.

Dungeon Overview and Level Annotations

Branches:
Dungeon (5/15)             Temple (0/1) D:4

Altars:
Xom


Innate Abilities, Weirdness & Mutations

You can spit globs of burning liquid.
You can ignite nearby creatures when you spit burning liquid.
Your weird mottled scales are hard. (AC +6)
Your body does not fit into most forms of armour.
You are cold-blooded and may be slowed by cold attacks.


Message History

You miss the orc wizard.
Your surroundings suddenly seem different.
A centaur comes into view.
The centaur wields a shortbow.
The centaur shoots an arrow.
The arrow closely misses you.
Found a meat ration.
You see here an arrow.
The centaur shoots an arrow.
The arrow completely misses you.
The centaur shoots an arrow.
The arrow hits you.
* * * LOW HITPOINT WARNING * * *
Found 14 gold pieces.
You see here an arrow.
The centaur shoots an arrow.
The arrow closely misses you.
The centaur shoots an arrow.
The arrow hits you.
* * * LOW HITPOINT WARNING * * *
Found an escape hatch in the floor.
You see here 2 arrows.
The centaur shoots an arrow.
The arrow hits you!
You die...
Xom snickers!

#.%..c......###
#........... .#. .
#.......... $.....
#........##......
##................
#..........# .>...
#..........#......
#######.....(.((@.......
..........o......#......
.....##..........# #....
................## ...
......###......## .
......# ######## ......#
, ......# .....## *


You could see a centaur and an orc.

Vanquished Creatures
  A golden eye (D:5)
  2 slaves (D:4)
  An ogre (D:2)
  The ghost of TheGoonsmith the Magician, an amateur DEFE (D:3)
  2 howler monkeys (D:4)
  A giant frog zombie (D:5)
  A hound (D:5)
  2 orc wizards (D:5)
  2 worker ants (D:4)
  Natasha (thrice) (D:4)
  Robin (D:4)
  A river rat (Sewer)
  5 adders
  A shadow imp (D:5)
  An ooze (D:3)
  2 dart slugs
  3 giant geckos
  10 orcs
  A ball python (D:3)
  10 bats
  3 giant cockroaches
  17 goblins
  10 hobgoblins
  11 jackals
  10 kobolds
  A quokka (D:5)
  7 giant newts
  12 rats
122 creatures vanquished.

Vanquished Creatures (collateral kills)
  Pikel (D:4)
  A big kobold (Sewer)
  4 kobolds (Sewer)
6 creatures vanquished.

Vanquished Creatures (others)
  An adder (D:5)
  A worm (D:3)
  A jackal (D:4)
3 creatures vanquished.

Grand Total: 131 creatures vanquished

Notes
Turn   | Place    | Note
-------+----------+-------------------------------------------
     0 | D:1      | AlphabetPasta the Draconian Chaos Knight began the quest for the Orb.
     0 | D:1      | Reached XP level 1. HP: 19/19 MP: 1/1
   141 | D:1      | XOM: harmless Summ miscast
   164 | D:1      | Reached XP level 2. HP: 26/27 MP: 2/2
   182 | D:1      | Found a shimmering altar of Xom.
   499 | D:1      | XOM: noise
   508 | D:1      | XOM: divination: detect items
   701 | D:1      | XOM: divination: detect creatures
   749 | D:1      | XOM: mild Ice miscast
   841 | D:1      | XOM: harmless Erth miscast
   929 | D:2      | Reached XP level 3. HP: 27/33 MP: 3/3
   934 | D:2      | Noticed an ogre
   934 | D:2      | a worm changed into an ogre
   950 | D:2      | Killed an ogre
   950 | D:2      | Reached XP level 4. HP: 17/41 MP: 4/4
  1051 | D:2      | Reached XP level 5. HP: 25/47 MP: 5/5
  1068 | D:2      | XOM: 2-stop teleportation journey
  1589 | D:3      | Found a glowing drain.
  1597 | Sewer    | Entered a sewer
  1604 | Sewer    | XOM: confusion (+ monsters)
  1607 | Sewer    | XOM: repel stairs
  1679 | Sewer    | XOM: summons 2 friendly demons
  1710 | Sewer    | Found a white marble altar of Elyvilon.
  1932 | D:3      | XOM: noise
  2014 | D:3      | XOM: noise
  2055 | D:3      | XOM: mild Tloc miscast
  2399 | D:3      | Reached XP level 6. HP: 45/55 MP: 6/6
  2474 | D:3      | Reached skill level 5 in Fighting
  2491 | D:3      | XOM: cloud trail
  2528 | D:3      | Upgraded the game from 0.19-a0-1268-g6c5d9f8 to 0.19-a0-1286-g42bdecd
  2599 | D:3      | Noticed TheGoonsmith's ghost (amateur DEFE)
  2607 | D:3      | Killed TheGoonsmith's ghost
  2747 | D:4      | XOM: mild Fire miscast
  2932 | D:4      | XOM: scenery: 1 doors open
  2999 | D:4      | Noticed Robin
  3001 | D:4      | Reached skill level 5 in Long Blades
  3005 | D:4      | XOM: fog
  3031 | D:4      | Killed Robin
  3084 | D:4      | Found a staircase to the Ecumenical Temple.
  3134 | D:4      | Noticed Natasha
  3139 | D:4      | Killed Natasha
  3181 | D:4      | XOM: mild Fire miscast
  3198 | D:4      | Reached skill level 1 in Slings
  3203 | D:4      | Noticed Natasha
  3213 | D:4      | Killed Natasha
  3231 | D:4      | Noticed Natasha
  3240 | D:4      | Killed Natasha
  3240 | D:4      | Your scales start taking on a weird mottled colour.
  3240 | D:4      | Reached XP level 7. HP: 58/61 MP: 7/7
  3459 | D:5      | Entered Level 5 of the Dungeon
  3462 | D:5      | XOM: god gift: scroll labeled LEGIOX BYUMUWK {god gift}
  3471 | D:5      | XOM: potion effect (agility)
  3490 | D:5      | Noticed a golden eye
  3490 | D:5      | an ice beast changed into a golden eye
  3492 | D:5      | Killed a golden eye
  3505 | D:5      | Noticed Pikel
  3550 | D:5      | XOM: smoke on damage
  3845 | D:4      | XOM: confuse monster(s)
  3853 | D:4      | XOM: destruction
  3870 | D:4      | XOM: fake destruction
  3891 | D:4      | XOM: summons 2 friendly demons
  3894 | D:4      | XOM: confuse monster(s)
  3904 | D:4      | XOM: summons 3 hostile demons
  3916 | D:4      | Killed Pikel
  3916 | D:4      | Reached skill level 5 in Dodging
  3916 | D:4      | Reached XP level 8. HP: 11/71 MP: 8/8
  4206 | D:5      | XOM: divination: magic mapping
  4216 | D:5      | HP: 3/71 [centaur/arrow (4)]
  4217 | D:5      | Shot with an arrow by a centaur

Vault maps used:
D:1:      wheals_arrival_shading, xom_teletrap_fun
D:3:      kb_forest_paths, lightli_sewer_entry_pipes, first_bread
D:4:      nicolae_underground_beach, uniq_natasha, uniq_robin
D:5:      minmay_misc_feat_four_crosses, grunt_ministairs_1, uniq_pikel
Sewer:    sewer_kobolds

Skill      XL: |  1  2  3  4  5  6  7  8 |
---------------+-------------------------+-----
Fighting       | 4 5 6 |  6.6
Long Blades    | 4 5 6 |  6.2
Dodging        | 3 4 5 |  5.2
Slings         | 1 2 3 |  3.1

Action                   |  1- 3 |  4- 6 |  7- 9 || total
-------------------------+-------+-------+-------++-------
Melee: Falchion          |   102 |   252 |    96 ||   450
       Tailslap          |     8 |    30 |    11 ||    49
       Unarmed           |       |       |    24 ||    24
Throw: Javelin           |       |     1 |       ||     1
 Abil: Breathe Sticky Fl |       |       |     2 ||     2
  Use: Scroll            |     5 |     4 |     3 ||    12
       Potion            |       |       |     5 ||     5
 Stab: Petrified         |     9 |       |       ||     9
       Confused          |     1 |       |     3 ||     4
       Sleeping          |       |     2 |       ||     2
       Paralysed         |       |       |     4 ||     4
       Invisible         |       |       |     4 ||     4
  Eat: Chunk             |       |     8 |     3 ||    11
       Pizza             |       |       |     1 ||     1
Armor: Skin              |    30 |    55 |    22 ||   107
Dodge: Dodged            |    47 |   121 |   102 ||   270
